 Dungeon Crawl Stone Soup version 0.21.1-1-g345015f (webtiles) character file.

196995 prawnwizard the Executioner (level 17, -1/160 HPs)
             Began as a Minotaur Berserker on July 13, 2018.
             Was a High Priest of Trog.
             Killed from afar by a thorn hunter (30 damage)
             ... with a volley of thorns
             ... on level 4 of the Swamp.
             The game lasted 01:03:40 (27146 turns).

prawnwizard the Executioner (Minotaur Berserker)   Turns: 27146, Time: 01:03:41

Health: -1/160     AC: 24    Str: 29    XL:     17   Next: 76%
Magic:  0/16       EV: 18    Int:  4    God:    Trog [*****.]
Gold:   3353       SH: 20    Dex: 19    Spells: 16/16 levels left

rFire    x . .     SeeInvis .   B - +3 hand axe (flame)
rCold    + . .     Gourm    .   K - +0 large shield
rNeg     . . .     Faith    .   j - +3 chain mail
rPois    +         Spirit   +   I - +2 hat
rElec    .         Reflect  .   n - scarf {Spirit}
rCorr    .         Harm     .   r - +0 pair of gloves
MR       +++..                  L - +2 pair of boots
Stlth    ..........             y - amulet of regeneration
HPRegen  1.76/turn              m - ring of poison resistance
MPRegen  0.15/turn              O - ring of the Equinox {Ice +Fly Dex+9 Stlth-}

@: regenerating
A: retaliatory headbutt, horns 2
}: 1/15 runes: gossamer
a: Berserk, Trog's Hand, Brothers in Arms, Burn Spellbooks, Renounce Religion,
Evoke Flight


You were on level 4 of the Swamp.
You worshipped Trog.
Trog was extremely pleased with you.
You were near starving.

You visited 5 branches of the dungeon, and saw 31 of its levels.
You also visited: Ice Cave.

You collected 3353 gold pieces.

Inventory:

Hand Weapons
 p - the +4 war axe "Zoxocauppu" {drain, Int+4 Dex+4}
   (You found it on level 1 of the Lair of Beasts)

   A truly terrible weapon, it drains the life of those it strikes.
   It affects your intelligence (+4).
   It affects your dexterity (+4).
 B - a +3 hand axe of flaming (weapon)
Armour
 j - a +3 chain mail (worn)
 n - a scarf of spirit shield (worn)
 r - a +0 pair of gloves (worn)
 I - a +2 hat (worn)
 K - a +0 large shield (worn)
 L - a +2 pair of boots (worn)
 Q - a +1 cloak of cold resistance
Jewellery
 b - a cursed ring of teleportation {unknown}
 m - a ring of poison resistance (left hand)
 u - an uncursed amulet of the gourmand
 y - an amulet of regeneration (around neck)
 O - the ring of the Equinox (right hand) {Ice +Fly Dex+9 Stlth-}
   (You found it on level 6 of the Lair of Beasts)

   [ring of ice]

   It enhances your ice magic.
   It affects your dexterity (+9).
   It makes you vulnerable to fire.
   It protects you from cold.
   It lets you fly.
   It makes you less stealthy.
 V - an uncursed ring of see invisible {unknown}
 X - an uncursed ring of protection from cold {unknown}
 Y - a +4 ring of protection {unknown}
Wands
 a - a wand of polymorph (17)
 F - a wand of digging (41)
 P - a wand of disintegration (13)
Scrolls
 d - 10 scrolls of remove curse
 e - 6 scrolls of fear
 g - 14 scrolls of identify
 i - 3 scrolls of blinking
 k - 14 scrolls of teleportation
 o - a scroll of silence
 v - a scroll of enchant weapon
 C - 4 scrolls of fog
 D - 2 scrolls of summoning
 E - 3 scrolls of magic mapping
 G - 2 scrolls of enchant armour
 J - 2 scrolls of holy word {unknown}
Potions
 f - 5 potions of haste
 h - 3 potions of mutation
 l - a potion of resistance
 q - 6 potions of flight
 s - 8 potions of might
 t - 4 potions of ambrosia
 w - 8 potions of invisibility
 x - 5 potions of heal wounds
 z - 12 potions of curing
 A - 5 potions of agility
 H - 2 potions of cancellation
 N - 2 potions of magic {unknown}
 R - 2 potions of lignification
 T - a potion of brilliance
 W - a potion of berserk rage
Comestibles
 c - 48 rations


   Skills:
 + Level 16.7 Fighting
 + Level 21.0 Axes
 + Level 16.6 Armour
 + Level 15.4 Dodging
 * Level 12.1 Shields


You had 16 spell levels left.
You didn't know any spells.

Dungeon Overview and Level Annotations

Branches:
Dungeon (15/15)            Temple (0/1) D:5            Lair (6/6) D:10
  Swamp (4/4) Lair:3       Spider (4/4) Lair:4        Slime (0/5) Lair:6
    Orc (2/2) D:11            Elf (0/3) Orc:2        Vaults (0/5) D:14
 Depths (0/5) D:15

Altars:
Dithmenos
Nemelex Xobeh
The Shining One
Beogh

Shops:
D:7 %   D:15 !%*   Orc:2 *([:

Annotations:
Swamp:4 Lernaean hydra


Innate Abilities, Weirdness & Mutations

You reflexively headbutt those who attack you in melee.
You have a pair of horns on your head.


Message History

You assume a fearsome visage.
The six-headed hydra looks frightened!
The swamp dragon looks frightened!
The four-headed hydra looks frightened!
The six-headed hydra looks frightened!
The three-headed hydra resists with almost no effort.
The thorn hunter is unaffected. x2; The vampire mosquito is unaffected.
The briar patch crumbles away. x2
You block the three-headed hydra's attack. x2
The three-headed hydra bites you but does no damage.
The thorn hunter fires a volley of thorns at you.
The volley of thorns hits you!
* * * LOW HITPOINT WARNING * * *
Your ogre closely misses the thorn hunter.
The six-headed hydra bites your ogre!!
The six-headed hydra bites your ogre! x3
Your ogre dies!
Your ogre's corpse disappears in a puff of smoke!
You block the six-headed hydra's attack.
The six-headed hydra bites you but does no damage.
The thorn hunter fires a volley of thorns at you.
The volley of thorns hits you!
You die... ≈≈ ≈.≈ ≈≈ ≈≈PPP ≈♣ ≈P≈PP

. .♣ ≈PP≈≈. .. .♣♣ .≈≈
≈PP≈≈.♣ ... ..♣♣.≈≈
≈PP≈..y♣♣ y.≈
≈...≈♣♣♣♣$PP§.P♣f♣ y≈♣
i..≈....♣≈.D.PD[@♣.f(♣♣
kD.≈.≈≈.≈..≈D≈≈DDf≈≈..♣
n≈D≈≈..≈≈≈.≈≈..≈§P≈P≈.≈§
≈.DD≈≈≈≈≈≈≈≈....≈≈≈≈...≈
w≈.≈≈≈≈≈§≈≈≈....≈.≈≈..♣?
..≈≈≈≈≈§§≈≈≈≈PP.≈.PP.≈≈≈
♣.≈≈≈≈≈§§≈≈≈P.P♣♣PPP≈≈≈≈
♣./.≈.?§§≈≈P.≈♣ P♣≈♣♣♣♣
♣♣≈≈♣♣♣♣§..≈.♣♣ ♣♣♣♣


You could see 2 thorn hunters, 2 six-headed hydras, a four-headed hydra
(fleeing), a three-headed hydra, a swamp dragon (fleeing) and a vampire
mosquito.

Vanquished Creatures
  Jorgrun (Swamp:2)
  Arachne (Spider:3)
  Gastronok (D:8)
  Roxanne (Swamp:2)
  10 emperor scorpions
  An orc warlord (Orc:2)
  3 ghost moths
  4 entropy weavers
  A dire elephant (Lair:6)
  The ghost of SpoonFarmer the Bludgeoner, a journeyman MiFi of Yredelemnul (Orc:2)
  Azrael (Orc:2)
  Snorg (D:13)
  A spark wasp (Spider:4)
  Josephine (Lair:5)
  13 hydras
  Harold (D:11)
  A vault guard (D:14)
  Erolcha (Orc:2)
  A catoblepas (Lair:6)
  A ghost crab (Swamp:3)
  A two-headed ogre (D:9)
  6 alligators
  3 centaur warriors
  A deep troll shaman (Lair:6)
  16 death yaks
  2 orc high priests
  Urug (D:11)
  Sonja (D:11)
  A spriggan druid (Swamp:2)
  2 unseen horrors
  A shambling mangrove (Swamp:3)
  5 swamp dragons
  Pikel (D:8)
  2 necromancers
  5 wizards
  4 orc knights
  28 wolf spiders
  10 orb spiders
  9 ugly things
  An oklob plant (Lair:2)
  3 deep elf magi
  5 orc sorcerers
  A manticore (D:15)
  2 cyclopes
  5 slime creatures
  5 elephants (Lair:6)
  Maurice (D:8)
  7 black mambas
  A moth of wrath (Spider:4)
  Joseph (D:8)
  An ice statue (IceCv)
  A gargoyle (D:13)
  4 centaur skeletons
  2 torpor snails
  15 spiny frogs
  An efreet (D:14)
  13 demonic crawlers
  A rime drake (Lair:3)
  7 komodo dragons
  10 freezing wraiths (IceCv)
  2 ice devils (D:12)
  A tengu conjurer (D:14)
  A polar bear (Lair:4)
  A harpy zombie (D:15)
  23 hornets
  31 jumping spiders
  5 trolls
  5 bog bodies
  3 tyrant leeches
  7 blink frogs
  11 hippogriffs
  3 dream sheep (Lair:6)
  98 redbacks
  29 tarantellas
  5 shadows
  4 fire elementals (Orc:2)
  3 wraiths
  7 spriggans
  A vampire (D:11)
  14 humans (D:14)
  4 basilisks
  2 steam dragons
  36 yaks
  4 hungry ghosts
  10 vampire mosquitoes
  9 swamp worms
  2 death yak simulacra (IceCv)
  4 wargs
  A soldier ant (shapeshifter) (D:15)
  An acid dragon (D:15)
  13 water moccasins
  3 hell hounds (Orc:2)
  10 porcupines
  11 swamp drakes
  28 orc warriors
  12 ice beasts
  5 sky beasts
  5 black bears
  A phantom (D:11)
  4 slaves (D:8)
  2 eyes of draining
  3 necrophages
  6 wolves (Lair:6)
  11 ogres
  12 centaurs
  13 crocodiles
  2 big kobolds
  21 bullfrogs
  A wyvern zombie (D:12)
  A wyvern skeleton (D:7)
  14 scorpions
  An elephant simulacrum (IceCv)
  5 killer bees (D:9)
  A howler monkey (D:12)
  2 electric eels
  A crimson imp (D:8)
  4 draconian simulacra (IceCv)
  8 jellies
  2 bullfrog zombies
  A centaur zombie (D:5)
  20 orc priests
  A hound (D:4)
  4 bullfrog skeletons
  3 iguanas
  17 orc wizards
  18 worker ants
  7 troll simulacra (IceCv)
  A killer bee zombie (D:6)
  A wolf simulacrum (IceCv)
  3 centaur simulacra (IceCv)
  3 hound zombies
  A hound skeleton (D:4)
  4 worker ant zombies
  11 gnolls
  3 naga simulacra (IceCv)
  3 ogre simulacra (IceCv)
  5 adders
  6 shadow imps
  12 white imps (IceCv)
  3 oozes
  An adder skeleton (D:9)
  An adder zombie (D:4)
  5 worms
  A dart slug (D:1)
  7 leopard geckos
  66 orcs
  6 bats
  9 giant cockroaches
  8 goblins
  10 hobgoblins
  5 jackals
  20 kobolds
  5 quokkas
  10 frilled lizards
  A jackal skeleton (D:4)
  2 leopard gecko zombies
  A quokka skeleton (D:2)
  6 rats
  3 briar patches (Swamp:4)
  3 fungi
  3 plants
1061 creatures vanquished.

Vanquished Creatures (collateral kills)
  A ghost moth (Spider:4)
  A hydra (Lair:5)
  A vault guard (D:14)
  A death yak (D:10)
  A hornet (Spider:4)
  7 yaks
  2 wraiths (Lair:5)
  A basilisk (Lair:5)
  A human (D:14)
  An orc warrior (Orc:2)
17 creatures vanquished.

Vanquished Creatures (others)
  A fire giant (D:15)
  A hydra (Lair:6)
  A centaur zombie (D:15)
  A komodo dragon (D:15)
  A jumping spider (Spider:3)
  A blink frog (Lair:6)
  A vampire mosquito (Swamp:4)
  An orc warrior (D:15)
  An adder (D:5)
  An orc (D:11)
  A briar patch (Swamp:4)
  6 fungi
  2 plants (Lair:6)
19 creatures vanquished.

Grand Total: 1097 creatures vanquished

Notes
Turn   | Place    | Note
-------+----------+-------------------------------------------
     0 | D:1      | prawnwizard the Minotaur Berserker began the quest for the Orb.
     0 | D:1      | Reached XP level 1. HP: 19/19 MP: 0/0
   306 | D:1      | Reached skill level 4 in Axes
   306 | D:1      | Reached XP level 2. HP: 27/27 MP: 1/1
   642 | D:1      | Reached XP level 3. HP: 28/33 MP: 2/2
   654 | D:1      | Reached ** piety under Trog
  1112 | D:2      | Reached XP level 4. HP: 30/40 MP: 3/3
  1519 | D:3      | Reached skill level 5 in Axes
  1612 | D:3      | Reached XP level 5. HP: 38/47 MP: 4/4
  2288 | D:4      | Reached *** piety under Trog
  2329 | D:4      | Reached XP level 6. HP: 55/55 MP: 5/5
  2352 | D:4      | Reached skill level 5 in Fighting
  2398 | D:4      | Reached skill level 6 in Axes
  3094 | D:5      | Entered Level 5 of the Dungeon
  3103 | D:5      | Reached XP level 7. HP: 61/61 MP: 6/6
  3235 | D:5      | Reached skill level 7 in Axes
  3235 | D:5      | Reached skill level 5 in Armour
  3561 | D:5      | Found a staircase to the Ecumenical Temple.
  3707 | D:5      | Reached skill level 5 in Dodging
  3707 | D:5      | Reached XP level 8. HP: 40/70 MP: 7/7
  3836 | D:5      | Reached skill level 8 in Axes
  4118 | D:6      | Found a sparkling altar of Nemelex Xobeh.
  4212 | D:6      | Reached **** piety under Trog
  4293 | D:6      | Found a glowing golden altar of the Shining One.
  4504 | D:7      | Found Woferhie's Food Shoppe.
  4560 | D:7      | Reached skill level 9 in Axes
  4741 | D:7      | Noticed a hippogriff
  4750 | D:7      | Killed a hippogriff
  4784 | D:7      | Reached XP level 9. HP: 73/79 MP: 8/8
  5078 | D:8      | Noticed Maurice
  5086 | D:8      | Reached skill level 10 in Axes
  5144 | D:8      | Killed Maurice
  5216 | D:8      | Noticed Joseph
  5375 | D:8      | Reached skill level 11 in Axes
  5435 | D:8      | Killed Joseph
  5435 | D:8      | Reached ***** piety under Trog
  5435 | D:8      | Reached XP level 10. HP: 64/90 MP: 3/9
  5530 | D:8      | Noticed a centaur warrior
  5535 | D:8      | Noticed a centaur warrior
  5548 | D:8      | Killed a centaur warrior
  5554 | D:8      | Killed a centaur warrior
  5554 | D:8      | Reached skill level 12 in Axes
  5640 | D:8      | Noticed Pikel
  5651 | D:8      | Killed Pikel
  5985 | D:8      | Noticed Gastronok
  6007 | D:8      | Killed Gastronok
  6007 | D:8      | Received a gift from Trog
  6007 | D:8      | Reached skill level 13 in Axes
  6007 | D:8      | Reached XP level 11. HP: 57/99 MP: 7/10
  6346 | D:9      | Reached skill level 10 in Fighting
  6690 | D:9      | Noticed a two-headed ogre
  6696 | D:9      | Killed a two-headed ogre
  7026 | D:10     | Entered Level 10 of the Dungeon
  7250 | D:10     | Reached skill level 10 in Armour
  7301 | D:10     | Noticed a death yak
  7302 | D:10     | Found a staircase to the Lair.
  7303 | D:10     | Noticed a death yak
  7313 | D:10     | Killed a death yak
  7314 | D:10     | Killed a death yak
  7333 | D:10     | Noticed a death yak
  7338 | D:10     | Killed a death yak
  7342 | D:10     | Reached skill level 14 in Axes
  7789 | D:11     | Noticed Urug
  7798 | D:11     | Killed Urug
  7895 | D:11     | Reached skill level 10 in Dodging
  7895 | D:11     | Reached XP level 12. HP: 103/110 MP: 9/11
  7988 | D:11     | Found a roughly hewn altar of Beogh.
  7988 | D:11     | Found a staircase to the Orcish Mines.
  8133 | D:11     | Noticed Harold
  8145 | D:11     | Killed Harold
  8326 | D:11     | Noticed Sonja
  8331 | D:11     | Killed Sonja
  8691 | D:11     | Received a gift from Trog
  8892 | D:11     | Noticed an eight-headed hydra
  8905 | D:11     | Killed a 12-headed hydra
  8905 | D:11     | Reached skill level 15 in Axes
  9316 | D:12     | Noticed a centaur warrior
  9327 | D:12     | Killed a centaur warrior
  9480 | D:12     | Found a frozen archway.
  9490 | IceCv    | Entered an ice cave
  9826 | IceCv    | Found an ancient bone altar of Kikubaaqudgha.
  9835 | IceCv    | Reached skill level 16 in Axes
  9849 | IceCv    | Received a gift from Trog
  9961 | IceCv    | Reached XP level 13. HP: 118/118 MP: 12/12
  9980 | IceCv    | Received a gift from Trog
 10587 | D:13     | Noticed Snorg
 10599 | D:13     | Killed Snorg
 11372 | D:14     | Received a gift from Trog
 11413 | D:14     | Found a gate to the Vaults.
 11423 | D:14     | Reached skill level 17 in Axes
 11468 | D:14     | Got a slimy mace
 11553 | D:14     | Found a shadowy altar of Dithmenos.
 12169 | D:15     | Entered Level 15 of the Dungeon
 12230 | D:15     | Noticed a fire giant
 12343 | Lair:1   | Entered Level 1 of the Lair of Beasts
 12798 | Lair:1   | Got a pitted war axe
 12799 | Lair:1   | Identified the +4 war axe "Zoxocauppu" {drain, Int+4 Dex+4} (You found it on level 1 of the Lair of Beasts)
 13783 | Lair:2   | Reached XP level 14. HP: 129/129 MP: 10/13
 13925 | Lair:3   | Received a gift from Trog
 14239 | Lair:3   | Found a staircase to the Swamp.
 14698 | Lair:3   | Reached skill level 18 in Axes
 15048 | Lair:4   | Found a hole to the Spider Nest.
 15916 | Lair:5   | Noticed Josephine
 15923 | Lair:5   | Killed Josephine
 16675 | Lair:6   | Entered Level 6 of the Lair of Beasts
 16702 | Lair:6   | Received a gift from Trog
 16708 | Lair:6   | Found a staircase to the Slime Pits.
 16973 | Lair:6   | Reached skill level 19 in Axes
 17036 | Lair:6   | Reached XP level 15. HP: 129/139 MP: 12/14
 17056 | Lair:6   | Got a transparent bone ring
 17550 | D:15     | Found a staircase to the Depths.
 17656 | D:15     | Killed a fire giant
 18073 | D:15     | Found Wipto's Food Emporium.
 18094 | D:15     | Found Xeplu's Assorted Antiques.
 18165 | D:15     | Found Wyczowao's Distillery.
 18534 | Orc:1    | Entered Level 1 of the Orcish Mines
 18534 | Orc:1    | Found a roughly hewn altar of Beogh.
 18752 | Orc:2    | Entered Level 2 of the Orcish Mines
 18804 | Orc:2    | Noticed Azrael
 18815 | Orc:2    | Killed Azrael
 18832 | Orc:2    | Noticed Erolcha
 18842 | Orc:2    | Killed Erolcha
 19218 | Orc:2    | Received a gift from Trog
 19311 | Orc:2    | Noticed an orc warlord
 19351 | Orc:2    | Killed an orc warlord
 19399 | Orc:2    | Identified the ring of the Equinox {Ice +Fly Dex+9 Stlth-} (You found it on level 6 of the Lair of Beasts)
 19431 | Orc:2    | Found a roughly hewn altar of Beogh.
 19441 | Orc:2    | Found Huannuih's Book Emporium.
 19448 | Orc:2    | Found Dirr's Antique Armour Emporium.
 19597 | Orc:2    | Noticed SpoonFarmer's ghost (journeyman MiFi)
 19599 | Orc:2    | Found a staircase to the Elven Halls.
 19612 | Orc:2    | Killed SpoonFarmer's ghost
 19737 | Orc:2    | Found Zaocakub's Antique Weapon Emporium.
 19769 | Orc:2    | Found Lulet's General Store.
 20027 | Orc:1    | Reached skill level 15 in Fighting
 20375 | Orc:1    | You fall through a shaft!
 20544 | Spider:1 | Entered Level 1 of the Spider Nest
 20576 | Spider:1 | Reached skill level 1 in Shields
 20781 | Spider:1 | Reached skill level 15 in Armour
 21027 | Spider:2 | Reached skill level 20 in Axes
 21034 | Spider:2 | Received a gift from Trog
 21467 | Spider:2 | Reached XP level 16. HP: 141/149 MP: 15/15
 21469 | Spider:2 | Reached skill level 5 in Shields
 22184 | Spider:2 | Reached ****** piety under Trog
 22557 | Spider:3 | Noticed Arachne
 22567 | Spider:3 | Killed Arachne
 22582 | Spider:3 | Received a gift from Trog
 23392 | Spider:4 | Entered Level 4 of the Spider Nest
 23534 | Spider:4 | Received a gift from Trog
 23945 | Spider:4 | Reached XP level 17. HP: 148/158 MP: 0/16
 24073 | Spider:4 | Reached skill level 10 in Shields
 24195 | Spider:4 | Received a gift from Trog
 24201 | Spider:4 | Reached skill level 15 in Dodging
 24473 | Spider:4 | Got a gossamer rune of Zot
 24667 | Swamp:1  | Entered Level 1 of the Swamp
 25178 | Swamp:2  | Noticed Jorgrun
 25190 | Swamp:2  | Killed Jorgrun
 25690 | Swamp:2  | Noticed Roxanne
 25895 | Swamp:2  | Killed Roxanne
 26055 | Swamp:2  | Received a gift from Trog
 26550 | Swamp:3  | Reached skill level 21 in Axes
 26989 | Swamp:4  | Entered Level 4 of the Swamp
 27107 | Swamp:4  | Noticed the 27-headed Lernaean hydra
 27146 | Swamp:4  | Killed from afar by a thorn hunter

Skill      XL: |  1  2  3  4  5  6  7  8  9 10 11 12 13 14 15 16 17 |
---------------+----------------------------------------------------+-----
Axes           | 4 5 6 7 9 11 13 14 16 17 19 20 21 | 21.0
Fighting       | 4 5 6 7 8 9 11 12 13 14 15 16 | 16.7
Armour         | 3 4 5 6 8 9 10 12 13 14 15 16 | 16.6
Dodging        | 3 4 5 6 7 8 10 11 12 13 14 15 | 15.4
Shields        | 4 9 12 | 12.1

Action                   |  1- 3 |  4- 6 |  7- 9 | 10-12 | 13-15 | 16-18 || total
-------------------------+-------+-------+-------+-------+-------+-------++-------
Melee: Hand axe          |    78 |   140 |   347 |    79 |       |   141 ||   785
       Headbutt          |    12 |    23 |    75 |   107 |   308 |   329 ||   854
       Broad axe         |       |       |       |    19 |       |       ||    19
       Battleaxe         |       |       |       |   379 |   211 |       ||   590
       War axe           |       |       |       |       |   823 |   790 ||  1613
Invok: Berserk           |       |     2 |     4 |     5 |    12 |     3 ||    26
       Burn Spellbooks   |       |       |     1 |       |     2 |     2 ||     5
       Brothers in Arms  |       |       |       |     2 |     3 |     6 ||    11
       Trog's Hand       |       |       |       |       |     7 |     5 ||    12
  Use: Scroll            |       |     3 |     1 |     2 |    25 |     3 ||    34
       Potion            |       |       |       |       |       |     1 ||     1
 Stab: Distracted        |       |       |     1 |       |     1 |     3 ||     5
       Confused          |       |       |       |       |       |     2 ||     2
       Held in net/web   |       |       |       |       |       |     1 ||     1
  Eat: Chunk             |     1 |     7 |    11 |    22 |    35 |    13 ||    89
       Ration            |       |       |       |     2 |     5 |     3 ||    10
Armor: Animal skin       |     5 |       |       |       |       |       ||     5
       Chain mail        |    22 |    75 |   198 |   269 |   516 |   358 ||  1438
       Ring mail         |     6 |       |       |       |       |       ||     6
Dodge: Dodged            |    42 |    52 |   121 |   283 |   497 |   498 ||  1493
Block: Large shield      |       |       |       |       |   578 |   970 ||  1548
